 Dungeon Crawl Stone Soup version 0.25-a0-1130-g3926558f3a (webtiles) character file.

Game seed: 11472808651783680066, levelgen mode: deterministic

9501 Flugslaktarn the Cleaver (level 11, -6/99 HPs)
             Began as a Minotaur Fighter on May 19, 2020.
             Was an Initiate of Gozag.
             Mangled by a spiny frog (14 damage)
             ... on level 2 of the Lair of Beasts.
             The game lasted 00:06:33 (11564 turns).

Flugslaktarn the Cleaver (Minotaur Fighter)        Turns: 11564, Time: 00:06:34

Health: -6/99      AC: 16    Str: 19    XL:     11   Next: 23%
Magic:  0/13       EV:  9    Int: 11    God:    Gozag
Gold:   1040       SH: 11    Dex: 13    Spells: 10/10 levels left

rFire    + + .     SeeInvis .   a - +1 war axe
rCold    + . .     Gourm    .   c - +0 kite shield
rNeg     . . .     Faith    .   i - +0 plate armour
rPois    +         Spirit   +   (helmet restricted)
rElec    +         Reflect  .   (no cloak)
rCorr    +         Harm     .   w - +1 pair of gloves
MR       +....                  (no boots)
Stlth    ..........             n - amulet of guardian spirit
HPRegen  0.26/turn              o - ring "Loacha" {+Inv rF+ MR+ Str-2 Int+6}
MPRegen  0.13/turn              v - +4 ring of evasion

@: resistant, gold aura, berserk cooldown, stab, very slightly contaminated,
slowed, studying Axes, invisible, very slow
A: retaliatory headbutt, horns 2
a: Potion Petition, Call Merchant, Bribe Branch, Renounce Religion


You were on level 2 of the Lair of Beasts.
You worshipped Gozag.
Gozag was most pleased with you.
You were not hungry.

You visited 3 branches of the dungeon, and saw 14 of its levels.

You collected 1906 gold pieces.
You spent 330 gold pieces at shops.
You paid 536 gold pieces to Gozag.

Inventory:

Hand Weapons
 a - a +1 war axe (weapon)
Armour
 c - a +0 kite shield (worn)
 f - the +1 scale mail of the True Pharaoh {rElec rF+}
   (You found it on level 4 of the Dungeon)

   It protects you from fire.
   It insulates you from electricity.
 i - a +0 plate armour (worn)
   (You found it on level 1 of the Dungeon)
 w - a +1 pair of gloves (worn)
   (You found it on level 5 of the Dungeon)
Jewellery
 n - an amulet of guardian spirit (around neck)
   (You found it on level 3 of the Dungeon)
 o - the ring "Loacha" (left hand) {+Inv rF+ MR+ Str-2 Int+6}
   (You found it on level 4 of the Dungeon)

   [ring of intelligence]

   It affects your strength (-2).
   It affects your intelligence (+6).
   It protects you from fire.
   It affects your resistance to hostile enchantments.
   It lets you turn invisible.
 v - a +4 ring of evasion (right hand)
   (You found it on level 8 of the Dungeon)
 C - the amulet of Anarchy {RegenMP rPois rC+ rN+ Slay+2, unknown}
   (You found it on level 10 of the Dungeon)

   [amulet of magic regeneration]

   It increases your magic regeneration.
   It affects your accuracy and damage with ranged weapons and melee attacks
   (+2).
   It protects you from cold.
   It protects you from poison.
   It protects you from negative energy.
Wands
 r - a wand of paralysis (8)
   (You found it on level 9 of the Dungeon)
 D - a wand of acid (5)
   (You found it on level 8 of the Dungeon)
Scrolls
 b - a scroll of enchant armour
 g - 7 scrolls of magic mapping
 k - a scroll of enchant weapon
 s - a scroll of fog
 x - 8 scrolls of remove curse
 y - a scroll of immolation
Potions
 d - 2 potions of might
 h - a potion of haste
 j - 3 potions of stabbing
 l - a potion of brilliance {unknown}
 p - a potion of flight {unknown}
 q - a potion of curing
 u - 3 potions of lignification {unknown}
 A - a potion of heal wounds {unknown}
 B - a potion of berserk rage {unknown}
Books
 m - a manual of Axes
   (You acquired it on level 9 of the Dungeon)
Comestibles
 e - 7 rations


   Skills:
 + Level 9.8 Fighting
 * Level 14.3 Axes
 + Level 9.7 Armour
 + Level 9.7 Shields
 * Level 4.6 Evocations


You had 10 spell levels left.
You didn't know any spells.
Your spell library was empty.

Dungeon Overview and Level Annotations

Branches:
Dungeon (11/15)            Temple (1/1) D:4            Lair (1/6) D:8
    Orc: D:9-12

Altars:
Ashenzari
Cheibriados
Dithmenos
Elyvilon
Fedhas
Gozag
Hepliaklqana
Kikubaaqudgha
Nemelex Xobeh
Okawaru
Qazlal
Ru
Sif Muna
Trog
Uskayaw
Vehumet
Wu Jian
Xom
Yredelemnul
Zin
The Shining One

Shops:
D:10 ?   Lair:1 (


Innate Abilities, Weirdness & Mutations

You reflexively headbutt those who attack you in melee.
You have a pair of horns on your head.


Message History

You feel your anger nearly subside.
You are no longer berserk.
You are exhausted.
You feel yourself slow down.
Unknown command.
As you read the scroll of teleportation, it crumbles to dust.
You feel strangely unstable.
Unknown command.
Your surroundings suddenly seem different.
Found a stone staircase leading down.
Unknown command.
A spiny frog comes into view.
The spiny frog gives a loud, deep croak!
Found 12 bolts.
The spiny frog gives a loud, deep croak!
Unknown command.
You feel better.
The spiny frog stings you but does no damage.
The spiny frog stings you!
You die...
Your body crumbles into a pile of gold.

.........#.....#......
.......##⌠.>..'...⌠..
P.....# .....#...... #
#.....# ..⌠. #..#...
#.#.....#### #......
#.......# ####+##
#PP..P## #P.....#
##@.##.# #F##
#........(.#
##.........#
#.........#
#.>.......#
+.........+
P.........#
...........#


You could see a spiny frog.

Vanquished Creatures
  A hydra (D:10)
  A two-headed ogre (D:11)
  Pikel (D:6)
  A black mamba (Lair:1)
  Joseph (D:7)
  A spiny frog (Lair:1)
  A rime drake (Lair:2)
  A hornet (D:7)
  Sigmund (D:3)
  10 yaks
  3 vampire mosquitoes (D:9)
  A hungry ghost (D:9)
  An acid dragon (D:11)
  2 water moccasins
  3 sky beasts
  3 orc warriors
  An eye of draining (D:11)
  3 ice beasts
  3 slaves (D:6)
  2 phantoms
  3 ogres
  4 centaurs
  2 crocodiles
  2 big kobolds
  5 bullfrogs
  A scorpion (D:7)
  A water moccasin skeleton (D:5)
  7 wights
  A centaur zombie (D:6)
  5 crimson imps
  A bullfrog zombie (D:7)
  4 hounds
  3 jellies
  2 orc priests
  2 bullfrog skeletons
  A centaur skeleton (D:9)
  6 iguanas
  8 orc wizards
  5 worker ants
  A worker ant zombie (D:7)
  10 adders
  2 shadow imps
  An ooze (D:2)
  An adder zombie (D:6)
  3 adder skeletons
  4 dart slugs
  4 leopard geckos
  28 orcs
  2 ball pythons
  3 giant cockroaches
  8 goblins
  7 hobgoblins
  19 jackals
  7 quokkas
  8 bats
  7 frilled lizards
  A jackal zombie (D:6)
  16 kobolds
  A quokka skeleton (D:9)
  9 rats
246 creatures vanquished.

Vanquished Creatures (others)
  A quokka (D:6)
1 creature vanquished.

Grand Total: 247 creatures vanquished

Notes
Turn   | Place    | Note
-------+----------+-------------------------------------------
     0 | D:1      | Flugslaktarn the Minotaur Fighter began the quest for the
                  | Orb.
     0 | D:1      | Reached XP level 1. HP: 19/19 MP: 0/0
   384 | D:1      | Reached XP level 2. HP: 21/27 MP: 1/1
   652 | D:1      | Reached skill level 3 in Axes
  1228 | D:2      | Reached XP level 3. HP: 17/33 MP: 2/2
  1569 | D:2      | Noticed an ogre
  1573 | D:2      | Killed an ogre
  1573 | D:2      | Reached skill level 4 in Axes
  1573 | D:2      | Reached XP level 4. HP: 20/41 MP: 3/3
  1573 | D:2      | Reached XP level 5. HP: 23/47 MP: 4/4
  2578 | D:3      | Reached skill level 5 in Axes
  2711 | D:3      | Noticed Sigmund
  3029 | D:4      | Reached XP level 6. HP: 53/55 MP: 3/5
  3059 | D:4      | Reached skill level 5 in Fighting
  3080 | D:4      | Got a wavering brass ring
  3093 | D:4      | Got a bloodstained scale mail
  3104 | D:4      | Identified the +1 scale mail of the True Pharaoh {rElec
                  | rF+} (You found it on level 4 of the Dungeon)
  3116 | D:4      | Reached skill level 5 in Armour
  3317 | D:4      | Found a staircase to the Ecumenical Temple.
  3361 | Temple   | Entered the Ecumenical Temple
  3447 | Temple   | Became a worshipper of Gozag Ym Sagoz the Greedy
  3485 | D:4      | Reached skill level 5 in Shields
  3762 | D:3      | Killed Sigmund
  3762 | D:3      | Reached skill level 6 in Axes
  3762 | D:3      | Reached XP level 7. HP: 40/61 MP: 4/6
  4167 | D:3      | Found a faded altar of an unknown god.
  4311 | D:5      | Entered Level 5 of the Dungeon
  4826 | D:5      | Reached skill level 7 in Axes
  5289 | D:6      | Reached XP level 8. HP: 69/70 MP: 7/7
  5569 | D:6      | Noticed Pikel
  5584 | D:6      | Killed Pikel
  5584 | D:6      | Reached skill level 8 in Axes
  6040 | D:6      | Reached skill level 9 in Axes
  6338 | D:7      | Noticed Joseph
  6354 | D:7      | Killed Joseph
  6354 | D:7      | Reached XP level 9. HP: 30/79 MP: 2/8
  6697 | D:7      | Found a shimmering blue altar of Sif Muna.
  6991 | D:7      | Reached skill level 10 in Axes
  7777 | D:8      | Found a staircase to the Lair.
  7967 | D:9      | Found an ornate altar of the Wu Jian Council.
  7984 | D:9      | Identified the ring "Loacha" {+Inv rF+ MR+ Str-2 Int+6}
                  | (You found it on level 4 of the Dungeon)
  7989 | D:9      | Identified a scroll of acquirement
  8140 | D:9      | Found a sparkling altar of Nemelex Xobeh.
  8140 | D:9      | Found a hide-covered altar of Uskayaw.
  8145 | D:9      | Found an ancient bone altar of Kikubaaqudgha.
  8244 | D:9      | Reached skill level 11 in Axes
  8482 | D:9      | Found a stormy altar of Qazlal.
  8517 | D:9      | Reached XP level 10. HP: 90/90 MP: 9/9
  8914 | D:10     | Entered Level 10 of the Dungeon
  9107 | D:10     | Reached skill level 12 in Axes
  9260 | D:10     | Noticed a four-headed hydra
  9269 | D:10     | Killed a five-headed hydra
  9404 | D:10     | Found Ygibaugg's Magic Scroll Emporium.
  9415 | D:10     | Bought a scroll of enchant armour for 90 gold pieces
  9415 | D:10     | Bought 3 scrolls of magic mapping for 126 gold pieces
  9415 | D:10     | Bought a scroll of blinking for 90 gold pieces
  9415 | D:10     | Bought a scroll of fog for 24 gold pieces
  9900 | D:10     | Got a shimmering bronze amulet
  9959 | D:11     | Reached skill level 13 in Axes
 10211 | D:11     | Noticed a two-headed ogre
 10226 | D:11     | Killed a two-headed ogre
 10430 | D:11     | Found a shadowy altar of Dithmenos.
 10521 | D:11     | Noticed a two-headed ogre
 10531 | D:11     | Noticed an eight-headed hydra
 10912 | Lair:1   | Entered Level 1 of the Lair of Beasts
 10923 | Lair:1   | Reached XP level 11. HP: 84/97 MP: 10/13
 10930 | Lair:1   | Reached skill level 14 in Axes
 11347 | Lair:1   | You fall into a shaft and drop 1 floor!
 11541 | Lair:2   | Noticed a six-headed hydra
 11554 | Lair:2   | HP: 3/148 [12-headed hydra (6)]
 11554 | Lair:2   | HP: 1/148 [12-headed hydra (2)]
 11564 | Lair:2   | Mangled by a spiny frog

Illustrated notes

Levels and vault maps discovered:
D:1:      dpeg_arrival_rhombus, layout_basic, hex_large
D:2:      layout_basic, first_ration
D:3:      layout_basic, chequers_ecumenical_altar_simple_redux,
          minmay_misc_feat_room, st_stairs_7, uniq_sigmund
D:4:      layout_cave_pools, minmay_temple_entry_purple_smoke
D:5:      layout_basic
D:6:      layout_basic, uniq_pikel
D:7:      layout_loops_ring, overflow_temple_1_default, uniq_joseph
D:8:      layout_basic, lair_entry_dummy
D:9:      layout_roguey, nicolae_qazlal_style_of_elements,
          grunt_temple_overflow_open
D:10:     layout_loops_corners, serial_shops, nicolae_shop_crystal
D:11:     layout_basic, hiddenorc1_lemuel, grunt_pizzeria, grunt_dithmenos_smoke
Temple:   nicolae_temple_elliptical
Lair:1:   layout_chaotic_city, grunt_megastairs_2
Lair:2:   layout_roguey, grunt_megastairs_1

Skill      XL: |  1  2  3  4  5  6  7  8  9 10 11 |
---------------+----------------------------------+-----
Axes           | 3 4 5 6 7 9 11 13 14 | 14.3
Fighting       | 4 5 6 7 8 9 |  9.8
Armour         | 4 5 6 7 8 9 |  9.7
Shields        | 4 5 6 7 8 9 |  9.7
Evocations     | 4 |  4.6

Action                   |  1- 3 |  4- 6 |  7- 9 | 10-12 || total
-------------------------+-------+-------+-------+-------++-------
Melee: War axe           |    86 |   122 |   316 |   241 ||   765
       Headbutt          |    11 |    25 |    68 |    52 ||   156
Invok: Potion Petition   |       |       |       |     1 ||     1
       Call Merchant     |       |       |       |     1 ||     1
Evoke: Wand              |       |       |       |     4 ||     4
  Use: Potion            |       |     3 |       |     1 ||     4
       Scroll            |       |       |    16 |     6 ||    22
 Stab: Distracted        |       |       |       |     1 ||     1
       Sleeping          |       |       |       |     3 ||     3
  Eat: Chunk             |     2 |     6 |       |       ||     8
       Ration            |       |       |     7 |     3 ||    10
Armor: Scale mail        |    10 |     6 |    69 |       ||    85
       Plate armour      |    61 |    76 |    57 |   116 ||   310
Dodge: Dodged            |    18 |    13 |    82 |    83 ||   196
Block: Kite shield       |    65 |    83 |   153 |   146 ||   447

Table legend:
 A = Non-vault XP
 B = Vault XP
 C = Vault XP percentage of total XP
 D = Non-vault monster count
 E = Vault monster count
 F = Vault count percentage of total count
                 A         B        C        D         E       F
            +---------+---------+-------+---------+---------+-------
      Total |   11355 |    2218 |  16.3 |     236 |       7 |   2.9
            +---------+---------+-------+---------+---------+-------
        D:1 |      34 |       0 |   0.0 |      19 |       0 |   0.0
        D:2 |     195 |       0 |   0.0 |      27 |       0 |   0.0
        D:3 |     147 |     243 |  62.3 |      29 |       2 |   6.5
        D:4 |     182 |       0 |   0.0 |       9 |       0 |   0.0
        D:5 |     492 |       0 |   0.0 |      23 |       0 |   0.0
        D:6 |     688 |     641 |  48.2 |      18 |       1 |   5.3
        D:7 |    1264 |     423 |  25.1 |      25 |       1 |   3.8
        D:8 |      93 |       0 |   0.0 |       4 |       0 |   0.0
        D:9 |    1623 |       0 |   0.0 |      29 |       0 |   0.0
       D:10 |    2466 |       0 |   0.0 |      21 |       0 |   0.0
       D:11 |    2369 |       0 |   0.0 |      23 |       0 |   0.0
     Lair:1 |    1282 |     821 |  39.0 |       7 |       2 |  22.2
     Lair:2 |     520 |      90 |  14.8 |       2 |       1 |  33.3
            +---------+---------+-------+---------+---------+-------
